 Dungeon Crawl Stone Soup version 0.17-a0-1882-g750edc8 (webtiles) character file.

1977 derrpe the Carver (level 9, -7/55 HPs)
             Began as a Tengu Berserker on Sept 22, 2015.
             Was an Elder of Trog.
             Mangled by an orc warrior
             ... wielding a +0 halberd
              (22 damage)
             ... on level 7 of the Dungeon.
             The game lasted 00:15:45 (6034 turns).

derrpe the Carver (Tengu Berserker)                 Turns: 6034, Time: 00:15:45

Health: -7/55      AC:  9    Str: 20    XL:     9   Next: 20%
Magic:  10/10      EV:  9    Int:  8    God:    Trog [****..]
Gold:   191        SH: 18    Dex: 14    Spells: 0 memorised, 8 levels left

rFire  . . .     SeeInvis +     a - +1 short sword (venom)
rCold  . . .     Clarity  .     o - +0 scale mail {rPois}
rNeg   . . .     SustAt   .     G - +8 shield of Depression {Regen+ SInv Stlth+}
rPois  +         Gourm    .     (helmet restricted)
rElec  .         Spirit   .     K - +0 cloak
rCorr  .         Warding  .     g - +0 pair of gloves
rMut   .         Stasis   .     (boots unavailable)
MR     ++...                    (no amulet)
Stlth  +.........               (no ring)
                                (no ring)

@: regenerating, very resistant to hostile enchantments, very unstealthy
A: beak, talons 3, able to fly 1
a: Fly, Burn Spellbooks, Berserk, Trog's Hand, Brothers in Arms, Renounce
Religion


You were on level 7 of the Dungeon.
You worshipped Trog.
Trog was greatly pleased with you.
You were not hungry.

You visited 1 branch of the dungeon, and saw 7 of its levels.

You collected 338 gold pieces.
You spent 147 gold pieces at shops.

Inventory:

Hand weapons
 a - a +1 short sword of venom (weapon)
 b - a +0 blowgun
 t - a +0 falchion
 y - a +1 dagger of draining
Missiles
 j - 14 javelins (quivered)
 w - 8 poisoned needles
 x - 20 tomahawks
 I - a throwing net
Armour
 g - a +0 pair of gloves (worn)
 o - a +0 scale mail of poison resistance (worn)
 G - the +8 shield of Depression (worn) {Regen+ SInv Stlth+}
   (You found it on level 4 of the Dungeon)

   It lets you see invisible.
   It increases your rate of regeneration.
   It makes you more stealthy.
 K - a +0 cloak (worn)
Jewellery
 l - an uncursed ring of ice
 H - an uncursed amulet of stasis
Magical devices
 n - a wand of draining (8)
 M - a wand of enslavement (13)
 P - a wand of lightning (6)
Scrolls
 d - 2 scrolls of remove curse {unknown}
 e - a scroll of magic mapping
 f - 3 scrolls of blinking {unknown}
 h - 4 scrolls of teleportation
 r - a scroll of fear {unknown}
 s - a scroll of noise
 v - 3 scrolls of recharging {unknown}
 A - 4 scrolls of identify
 C - 2 scrolls of fog {unknown}
 E - a scroll of random uselessness {unknown}
Potions
 i - a potion of resistance
 k - 2 potions of haste {unknown}
 m - a potion of magic {unknown}
 q - a potion of heal wounds {unknown}
 B - 2 potions of invisibility {unknown}
 D - a potion of might {unknown}
 F - a potion of beneficial mutation {unknown}
 J - 2 potions of flight {unknown}
 L - 5 potions of curing
 N - a potion of mutation {unknown}
Comestibles
 c - 6 bread rations {@e1}
 p - 5 meat rations {@e2}
 u - 2 beef jerkies
 z - 3 fruits
 O - 5 chunks of flesh {@w0}


   Skills:
 + Level 6.1 Fighting
 * Level 8.6 Long Blades
 - Level 3.8 Armour
 - Level 3.2 Dodging
 + Level 6.4 Shields


You had 8 spell levels left.
You didn't know any spells.

Dungeon Overview and Level Annotations

Branches:
Dungeon (7/15)
 Temple: D:4-7

Altars:
Ashenzari
Dithmenos
Fedhas
Kikubaaqudgha
Nemelex Xobeh
Okawaru
Ru
Sif Muna
Trog
Yredelemnul
The Shining One

Shops:
D:5 *!   D:6 :


Innate Abilities, Weirdness & Mutations

You have a beak for a mouth.
You have claws for feet.
You can fly.


Message History

You feel slightly more hungry. You block the orc warrior's attack.
You hit the orc warrior but do no damage.
Your kick misses the orc warrior. Your peck misses the orc warrior.
The orc warrior is heavily wounded.
You hit the orc warrior.
You claw the orc warrior, but do no damage.
The orc warrior is heavily wounded.
You block the orc warrior's attack.
You hit the orc warrior but do no damage.
Your kick misses the orc warrior.
The orc warrior is heavily wounded.
The orc warrior hits you with a halberd!
* * * LOW HITPOINT WARNING * * *
You hit the orc warrior but do no damage.
You peck the orc warrior.
The orc warrior is heavily wounded.
You barely miss the orc warrior. Your kick misses the orc warrior.
The orc warrior is heavily wounded.
The orc warrior hits you with a halberd!!
You die...

#...##.........
##...######.....
#8...8#####.....
##...##....###..
#...#.....# #..
##########.###.....###..
#.......................
#......[................
#......@................
#.....o.##?..#####......
#.......#8...8# #......
#.......##...## #######
#.......##...# #.......#
...# #.......# .8
#.#######


You could see an orc warrior.

Vanquished Creatures
  The ghost of Soeti the Cleaver, an experienced DsFi of Okawaru (D:5)
  The ghost of Anothat the Ruffian, an average VSMo (D:4)
  2 orc warriors (D:6)
  An ice beast (D:6)
  2 ogres
  Blork the orc (D:6)
  A giant frog (D:6)
  A scorpion (D:7)
  3 crimson imps
  A centaur zombie (D:6)
  A jelly (D:5)
  An orc priest (D:7)
  5 orc wizards
  5 worker ants
  An iguana (D:5)
  A hound skeleton (D:6)
  A worker ant zombie (D:6)
  13 gnolls
  8 adders
  A shadow imp (D:6)
  An ooze (D:1)
  An adder zombie (D:6)
  An adder skeleton (D:5)
  A worm (D:4)
  6 giant geckos
  20 orcs
  11 bats
  12 giant cockroaches
  6 goblins
  14 hobgoblins
  4 jackals (D:2)
  4 kobolds
  3 quokkas
  A giant gecko skeleton (D:4)
  3 giant newts
  A jackal skeleton (D:6)
  9 rats
149 creatures vanquished.

Notes
Turn   | Place    | Note
--------------------------------------------------------------
     0 | D:1      | derrpe the Tengu Berserker began the quest for the Orb.
     0 | D:1      | Reached XP level 1. HP: 14/14 MP: 2/2
   204 | D:1      | Reached XP level 2. HP: 17/19 MP: 3/3
   246 | D:1      | Reached skill level 4 in Long Blades
   606 | D:1      | Reached XP level 3. HP: 23/23 MP: 4/4
   729 | D:1      | Acquired Trog's second power
  1060 | D:2      | Reached skill level 5 in Long Blades
  1060 | D:2      | Reached XP level 4. HP: 28/28 MP: 5/5
  1383 | D:2      | Found a glowing golden altar of the Shining One.
  1392 | D:2      | Found a basalt altar of Yredelemnul.
  2011 | D:2      | Gained mutation: You can fly. [Tengu growth]
  2011 | D:2      | Reached XP level 5. HP: 28/32 MP: 6/6
  2264 | D:2      | Found a sacrificial altar of Ru.
  2339 | D:2      | Noticed an angel
  3022 | D:3      | Reached skill level 6 in Long Blades
  3022 | D:3      | Reached XP level 6. HP: 37/37 MP: 7/7
  3110 | D:3      | Noticed an ogre
  3252 | D:3      | Found a deep blue altar of Sif Muna.
  3316 | D:3      | Found a shattered altar of Ashenzari.
  3318 | D:3      | Found a sparkling altar of Nemelex Xobeh.
  3464 | D:3      | Found a shadowy altar of Dithmenos.
  3518 | D:3      | Found an iron altar of Okawaru.
  3519 | D:3      | Found a bloodstained altar of Trog.
  3893 | D:4      | Noticed Anothat's ghost (average VSMo)
  3901 | D:4      | Killed Anothat's ghost
  3975 | D:4      | Got a faintly humming shield
  3983 | D:4      | Identified the +8 shield of Depression {Regen+ SInv Stlth+} (You found it on level 4 of the Dungeon)
  4057 | D:4      | Reached XP level 7. HP: 43/43 MP: 8/8
  4137 | D:4      | Found an ancient bone altar of Kikubaaqudgha.
  4138 | D:4      | Found a blossoming altar of Fedhas.
  4184 | D:4      | Reached skill level 1 in Shields
  4210 | D:4      | Acquired Trog's third power
  4260 | D:4      | Killed an ogre
  4445 | D:5      | Entered Level 5 of the Dungeon
  4543 | D:5      | Noticed Soeti's ghost (experienced DsFi)
  4562 | D:5      | Killed Soeti's ghost
  4562 | D:5      | Reached skill level 5 in Fighting
  4562 | D:5      | Reached skill level 7 in Long Blades
  4562 | D:5      | Reached XP level 8. HP: 49/49 MP: 9/9
  4616 | D:5      | Found Ibaorchy's Distillery.
  4624 | D:5      | Bought a potion of curing for 39 gold pieces
  4624 | D:5      | Bought a potion of curing for 39 gold pieces
  4624 | D:5      | Bought a potion of curing for 39 gold pieces
  4775 | D:5      | Found Liuqis's General Store.
  4781 | D:5      | Bought a scroll of teleportation for 30 gold pieces
  5135 | D:6      | Found Odweddyist's Book Shoppe.
  5199 | D:6      | Noticed Blork the orc
  5210 | D:6      | Killed Blork the orc
  5293 | D:6      | Reached skill level 5 in Shields
  5623 | D:6      | Reached skill level 8 in Long Blades
  5668 | D:6      | Reached XP level 9. HP: 35/55 MP: 10/10
  6034 | D:7      | Mangled by an orc warrior

Vault maps used:
D:1:      lightli_arrival_statue_moat
D:2:      grunt_temple_overflow_holy_war, nicolae_ru_path_of_blood,
          corexii_leaking_fountain
D:3:      minitemple, nicolae_overflow_hidden_temple, first_bread, led_sif_pool
D:4:      grunt_temple_overflow_growth_and_decay
D:5:      serial_shops, shop_statue, nicolae_shop_stone, grunt_ministairs_8
D:6:      serial_shops, nicolae_shop_waterfront, uniq_blork_the_orc
D:7:      minmay_temple_entry_fiery, serial_corexii_hall,
          corexii_hall_statues_x, corexii_hall_statues_l

Action                   |  1- 3 |  4- 6 |  7- 9 || total
-------------------------+-------+-------+-------++-------
Melee: Falchion          |    21 |       |       ||    21
       Dagger            |    64 |    37 |       ||   101
       Short sword       |       |   156 |   251 ||   407
 Fire: Blowgun           |       |       |     2 ||     2
Invok: Berserk           |     1 |     1 |     1 ||     3
       Trog's Hand       |       |     2 |     1 ||     3
  Use: Scroll            |       |     4 |       ||     4
 Stab: Sleeping          |     2 |       |     1 ||     3
  Eat: Chunk             |       |    12 |     8 ||    20
